 Dungeon Crawl Stone Soup version 0.19-a0-458-gfd99d95 (webtiles) character file.

10322 MenacingMecha the Grappler (level 11, -2/175 HPs)
             Began as a Troll Monk on June 2, 2016.
             Was a High Priest of Okawaru.
             Slain by a sun demon (14 damage)
             ... summoned by a kobold demonologist
             ... on level 12 of the Dungeon.
             The game lasted 01:08:35 (9510 turns).

MenacingMecha the Grappler (Troll Monk)             Turns: 9510, Time: 01:08:35

Health: -2/175     AC: 11    Str: 26    XL:     11   Next: 34%
Magic:  12/12      EV: 15    Int:  6    God:    Okawaru [*****.]
Gold:   615        SH:  3    Dex: 17    Spells: 1 memorised, 9 levels left

rFire  . . .     SeeInvis +       - Unarmed
rCold  . . .     Gourm    +     I - +0 troll leather armour {TLA, regen}
rNeg   . . .     Faith    .     (no shield)
rPois  .         Spirit   .     l - +2 hat
rElec  .         Dismiss  .     J - +1 cloak
rCorr  .         Reflect  +     (gloves unavailable)
SustAt .         Harm     .     (boots unavailable)
MR     .....                    N - +3 amulet of reflection
Stlth  ..........               U - ring of stealth {Stlth+}
                                B - +2 ring of evasion

@: berserking, lethally poisoned (-2 -> -2), very quick, not resistant to
hostile enchantments, extremely unstealthy
A: unfitting armour, claws 3, talons 1, see invisible, agile 1, fast metabolism
3, gourmand, low mp 1, regeneration 2, shaggy fur 1, tough skin 2
a: Heroism, Finesse, Renounce Religion


You were on level 12 of the Dungeon.
You worshipped Okawaru.
Okawaru was extremely pleased with you.
You were very full.

You visited 1 branch of the dungeon, and saw 12 of its levels.

You collected 615 gold pieces.

Inventory:

Missiles
 m - 59 poisoned needles
 C - 215 stones (quivered)
 E - a throwing net
 L - 8 tomahawks of dispersal
Armour
 l - a +2 hat (worn)
   (You found it on level 2 of the Dungeon)
 s - the -5 robe of Misfortune {-Cast *Contam *Tele EV-4 Str-2 Int-2 Dex-2 Stlth-- *Curse}
   (You found it on level 4 of the Dungeon)

   It affects your evasion (-4).
   It affects your strength (-2).
   It affects your intelligence (-2).
   It affects your dexterity (-2).
   It prevents spellcasting.
   It may teleport you next to monsters.
   It may re-curse itself when equipped.
   It causes magical contamination when unequipped.
   It makes you much less stealthy.
 I - a +0 troll leather armour (worn) {TLA, regen}
   (You found it on level 9 of the Dungeon)
 J - a +1 cloak (worn)
   (You found it on level 9 of the Dungeon)
Jewellery
 d - an uncursed ring of protection from fire {rF+}
   (You found it on level 8 of the Dungeon)
 B - a +2 ring of evasion (left claw)
   (You found it on level 8 of the Dungeon)
 N - a +3 amulet of reflection (around neck)
   (You took it off a kobold on level 10 of the Dungeon)
 U - a ring of stealth (right claw) {Stlth+}
   (You found it on level 11 of the Dungeon)
Wands
 n - a wand of slowing (40/48)
   (You found it on level 3 of the Dungeon)
 y - a wand of enslavement (22/24)
   (You found it on level 8 of the Dungeon)
 F - a wand of polymorph (13/24)
   (You found it on level 10 of the Dungeon)
 G - a wand of lightning (8/15)
   (You found it on level 11 of the Dungeon)
Scrolls
 e - 4 scrolls of identify
 h - 2 scrolls of teleportation
 j - 2 scrolls of noise
 r - 3 scrolls of enchant weapon
 x - 2 scrolls of remove curse
 A - 2 scrolls of recharging
 O - a scroll of immolation {unknown}
 Q - a scroll of brand weapon {unknown}
 T - 2 scrolls of fear {unknown}
 W - a scroll of amnesia
Potions
 c - 3 potions of berserk rage
 g - 3 potions of cure mutation
 i - 2 potions of curing
 o - 3 potions of brilliance
 p - a potion of lignification {unknown}
 t - 2 potions of magic {unknown}
 v - 2 potions of heal wounds {unknown}
 w - 2 potions of flight {unknown}
 D - a potion of ambrosia
 H - 2 potions of haste
 K - a potion of might {unknown}
 M - a potion of agility {unknown}
 S - a potion of invisibility {unknown}
Books
 u - a book of Frost
   (You found it on level 4 of the Dungeon)
 P - a book of Summonings
   (You found it on level 11 of the Dungeon)
 R - a book of Beasts
   (You found it on level 11 of the Dungeon)
Miscellaneous
 a - a crystal ball of energy
   (You found it on level 10 of the Dungeon)
Comestibles
 b - 11 bread rations
 f - 8 fruits
 k - a slice of pizza
 q - 8 beef jerkies
 z - 4 meat rations
 V - a chunk of flesh


   Skills:
 - Level 10.0 Fighting
 - Level 4.2 Throwing
 - Level 6.2 Dodging
 - Level 2.0 Stealth
 - Level 10.1 Unarmed Combat
 + Level 4.8 Invocations


You had 9 spell levels left.
You knew the following spells:

 Your Spells              Type           Power        Failure   Level  Hunger
B - Summon Butterflies    Summ           #.......     61%         1    ##.....


Dungeon Overview and Level Annotations

Branches:
Dungeon (12/15)            Temple (0/1) D:5            Lair (0/8) D:11
    Orc (0/2) D:9

Altars:
Ashenzari
Cheibriados
Elyvilon
Hepliaklqana
Nemelex Xobeh
Okawaru
Ru
Sif Muna
Xom
The Shining One

Shops:
D:4 *

Portals:
Ice
Cave: D:12

Annotations:
D:5 Duvessa, Sigmund
D:6 exclusion: 4 centaurs
D:7 exclusions: 3 electric eels and 2 more exclusions
D:9 flying vault
D:12 Josephine


Innate Abilities, Weirdness & Mutations

You are too large for most types of armour.
You have claws for hands.
Your metabolism is lightning-fast.
You like to eat raw meat.
You heal very quickly.
You are covered in fur. (AC +1)
You have very tough skin. (AC +2)
You have sharp toenails.
You have supernaturally acute eyesight. (SInv)
You are agile. (Dex +2)
Your magical capacity is low. (-10% MP)


Message History

Level annotation: Josephine The centaur shoots an arrow.
The arrow hits you.
The centaur shoots an arrow.
The arrow misses you.
There is a stone staircase leading up, spattered with blood here.
You see here 3 arrows.
The centaur shoots an arrow.
The arrow hits you.
You climb upwards.
There is a stone staircase leading down here.
You start resting.
HP restored.
You climb downwards.
You feel a wave of frost pass over you.
There is an entrance to an ice cave on this level.
Hurry and find it before the portal melts!
You hear the faint crackling of a very distant melting archway.
Level annotation: Josephine The centaur shoots an arrow.
The arrow closely misses you.
The centaur shoots an arrow.
The arrow misses you.
There is a stone staircase leading up, spattered with blood here.
You see here 4 arrows.
The centaur shoots an arrow.
The arrow barely misses you.
You see here 3 arrows.
The centaur shoots an arrow.
The arrow closely misses you.
The centaur shoots an arrow.
The arrow hits you!
You see here 2 arrows.
You start resting.
The centaur unwields an uncursed shortbow.
The centaur hits you but does no damage.
You mangle the centaur!!
You kill the centaur!
Okawaru accepts your kill.
Things that are here:
an uncursed shortbow; an arrow There isn't anything to butcher here.
You see here 2 arrows.
You see here 3 arrows.
There is a stone staircase leading up, spattered with blood here.
You see here 4 arrows.
You see here an arrow.
x - 2 scrolls of remove curse (gained 1)
Found a stone staircase leading down.
Okay, then. 2 ice beasts and a kobold demonologist come into view.
The kobold demonologist is wielding a dagger of venom.
Found a frozen archway. 3 ice beasts come into view.
The kobold demonologist shouts!
You scratch the kobold demonologist.
Your kick misses the kobold demonologist.
You claw the kobold demonologist, but do no damage.
The kobold demonologist is lightly wounded.
An ice beast comes into view.
You claw the kobold demonologist!
You claw the kobold demonologist, but do no damage.
The kobold demonologist is moderately wounded.
The kobold demonologist hits you but does no damage.
You are poisoned.
You miss the kobold demonologist.
The kobold demonologist is moderately wounded.
You feel sick.
The kobold demonologist hits you but does no damage.
You are more poisoned.
You scratch the kobold demonologist but do no damage.
The kobold demonologist is moderately wounded.
You feel sick.
The kobold demonologist mumbles some strange words.
You barely miss the kobold demonologist.
The kobold demonologist is moderately wounded.
You feel sick.
The kobold demonologist casts a spell.
You scratch the kobold demonologist but do no damage.
You claw the kobold demonologist.
The kobold demonologist is moderately wounded.
The sun demon hits you!
You are engulfed in flames!
You claw the kobold demonologist!
You claw the kobold demonologist, but do no damage.
The kobold demonologist is heavily wounded.
You feel sick. The sun demon hits you!!
You are engulfed in flames!
The kobold demonologist closely misses you.
The shadow imp gestures at you. Pain shoots through your body!
You barely miss the kobold demonologist.
The kobold demonologist is heavily wounded.
You feel sick. The sun demon hits you!
* * * LOW HITPOINT WARNING * * *
You are engulfed in flames!
* * * LOW HITPOINT WARNING * * *
The kobold demonologist casts a spell.
The shadow imp completely misses you.
Okay, then.
A red film seems to cover your vision as you go berserk!
You feel yourself moving faster!
You feel mighty!
You feel sick. The sun demon hits you.
* * * LOW HITPOINT WARNING * * *
You are engulfed in flames!
* * * LOW HITPOINT WARNING * * *
The kobold demonologist misses you. The shadow imp closely misses you.
You claw the kobold demonologist! You claw the kobold demonologist.
The kobold demonologist is almost dead.
The sun demon hits you!
You die...

.
.∩.Y######
?.YYYYK@3#
...Y####5#
# #.# #.#
#.# ###.#
#...#
#.### #.#


You could see a sun demon, a kobold demonologist, 6 ice beasts and a shadow imp.

Vanquished Creatures
  Erica (D:9)
  An unseen horror (D:10)
  A hill giant (D:11)
  Pikel (D:6)
  A deep elf mage (D:11)
  A centaur zombie (D:11)
  A troll (D:9)
  3 slime creatures (D:11)
  A wyvern (D:9)
  A wraith (D:12)
  4 yaks
  3 hippogriffs
  A hungry ghost (D:11)
  2 water moccasins
  3 sky beasts
  A slave (D:6)
  An ice beast (D:9)
  A black bear (D:9)
  3 orc warriors
  14 ogres
  2 phantoms
  3 centaurs
  A big kobold (D:10)
  3 giant frogs
  Dowan (D:5)
  2 scorpions (D:7)
  A water moccasin skeleton (D:4)
  5 wights (D:10)
  4 crimson imps
  A giant frog zombie (D:5)
  3 jellies
  7 orc priests
  7 hounds
  5 orc wizards
  2 giant frog skeletons
  5 centaur skeletons
  3 iguanas
  5 worker ants
  A hound zombie (D:8)
  A worker ant zombie (D:10)
  9 adders
  3 gnolls (D:3)
  A howler monkey skeleton (D:11)
  A shadow imp (D:11)
  2 adder skeletons (D:4)
  2 dart slugs (D:4)
  5 giant geckos
  27 orcs
  3 ball pythons
  8 giant cockroaches
  9 hobgoblins
  6 jackals
  9 kobolds
  4 quokkas
  6 bats
  A giant gecko zombie (D:4)
  6 giant newts
  8 goblins
  2 jackal skeletons (D:4)
  6 rats
225 creatures vanquished.

Vanquished Creatures (others)
  An orc (D:7)
1 creature vanquished.

Grand Total: 226 creatures vanquished

Notes
Turn   | Place    | Note
--------------------------------------------------------------
     0 | D:1      | MenacingMecha the Troll Monk began the quest for the Orb.
     0 | D:1      | Reached XP level 1. HP: 22/22 MP: 0/0
   267 | D:1      | Reached XP level 2. HP: 29/29 MP: 1/1
   754 | D:2      | Reached XP level 3. HP: 36/36 MP: 2/2
   994 | D:2      | Found a white marble altar of Elyvilon.
  1179 | D:3      | Reached skill level 3 in Fighting
  1179 | D:3      | Reached skill level 3 in Dodging
  1179 | D:3      | Reached skill level 2 in Stealth
  1179 | D:3      | Reached XP level 4. HP: 45/45 MP: 3/3
  1405 | D:3      | Found a deep blue altar of Sif Muna.
  1410 | D:3      | Found a sacrificial altar of Ru.
  1511 | D:3      | Found a sacrificial altar of Ru.
  1754 | D:3      | Found a shattered altar of Ashenzari.
  1890 | D:3      | Found an iron altar of Okawaru.
  1893 | D:3      | Found a glowing golden altar of the Shining One.
  1899 | D:3      | Became a worshipper of Warmaster Okawaru
  1899 | D:3      | Reached * piety under Okawaru
  1899 | D:3      | Reached ** piety under Okawaru
  1936 | D:3      | Reached XP level 5. HP: 37/53 MP: 4/4
  1976 | D:3      | Reached skill level 5 in Unarmed Combat
  2067 | D:4      | Got a silken robe
  2078 | D:4      | Identified the cursed -5 robe of Misfortune {-Cast *Contam *Tele EV-4 Str-2 Int-2 Dex-2 Stlth-- *Curse} (You found it on level 4 of the Dungeon)
  2214 | D:4      | Found a snail-covered altar of Cheibriados.
  2467 | D:4      | Reached skill level 6 in Unarmed Combat
  2467 | D:4      | Reached XP level 6. HP: 49/61 MP: 5/5
  2554 | D:4      | Found Lurett's Serpentskin Sales.
  2555 | D:4      | Noticed a water moccasin
  2562 | D:4      | Killed a water moccasin
  2595 | D:5      | Entered Level 5 of the Dungeon
  2625 | D:5      | Noticed a sky beast
  2633 | D:5      | Killed a sky beast
  2633 | D:5      | Reached skill level 7 in Unarmed Combat
  2633 | D:5      | Reached XP level 7. HP: 61/67 MP: 3/6
  2878 | D:5      | Noticed Sigmund
  3063 | D:5      | Noticed Duvessa
  3064 | D:5      | Noticed Dowan
  3090 | D:5      | Killed Dowan
  3129 | D:5      | Reached skill level 8 in Unarmed Combat
  3382 | D:5      | Geppetto: shoulda tai
  3385 | D:5      | MenacingMecha: tai?
  3385 | D:5      | Geppetto: shouldatrained traps and dors
  3385 | D:5      | MenacingMecha: i'm so glad they removed that
  3385 | D:5      | Geppetto: wow I'm bad at typing tonight
  3603 | D:5      | MenacingMecha: do risk the tango with pikel
  3605 | D:5      | Noticed Pikel
  3741 | D:6      | Geppetto: The answer is always yes
  3762 | D:6      | Geppetto: but not centaurs camping beind deep water
  3762 | D:6      | Geppetto: that's just bullshit
  3762 | D:6      | MenacingMecha: i'll come back when I get ****** beogh piety
  3861 | D:6      | Geppetto: you ARE training throwing for ruks right?
  3863 | D:6      | MenacingMecha: I will but I don't have anything to throw yet
  3926 | D:6      | MenacingMecha: this dickhead again
  3929 | D:5      | Found a staircase to the Ecumenical Temple.
  3930 | D:5      | Geppetto: stones are pretty good, I did swamp with just stones on my TrMo, because I was scared that my ruks would fall in water
  3930 | D:5      | MenacingMecha: hmm
  3930 | D:5      | Geppetto: uhh
  3930 | D:5      | Geppetto: >
  3930 | D:5      | Geppetto: >
  3930 | D:5      | MenacingMecha: ogre with gsc
  3930 | D:5      | Geppetto: it can't be worse
  3930 | D:5      | MenacingMecha: true
  3935 | D:6      | MenacingMecha: panic quaff?
  3935 | D:6      | Geppetto: walk away
  3935 | D:6      | Geppetto: you have regen 3
  3935 | D:6      | MenacingMecha: oh yeah
  3935 | D:6      | Geppetto: or regen 2
  3985 | D:6      | Geppetto: heroism is good btw
  3991 | D:6      | MenacingMecha: especially for unarmed
  4027 | D:6      | Reached *** piety under Okawaru
  4032 | D:6      | Killed Pikel
  4032 | D:6      | Reached skill level 10 in Unarmed Combat
  4032 | D:6      | Reached XP level 8. HP: 62/75 MP: 4/7
  4033 | D:6      | Geppetto: das it
  4033 | D:6      | MenacingMecha: heroism is very good
  4035 | D:6      | MenacingMecha: how do you even skill with unarmed? never known since weapon you just kind of focus until min delay
  4038 | D:6      | Geppetto: yo train fighting
  4038 | D:6      | Geppetto: to 10
  4038 | D:6      | Geppetto: hp is cool
  4098 | D:6      | MenacingMecha: trolls get mad HP bonus too right?
  4139 | D:6      | Geppetto: yes
  4164 | D:6      | Geppetto: at 22 hp XL 27 you have 300 hp
  4167 | D:6      | MenacingMecha: wow
  4167 | D:6      | Geppetto: you can literally tank orb of fire with just rf+
  4167 | D:6      | MenacingMecha: I think I did that with a HO once because I forgot to equip more rF
  4176 | D:6      | MenacingMecha: i didn't splat but I was the ugliest freak
  4255 | D:6      | Reached **** piety under Okawaru
  4312 | D:6      | Reached skill level 4 in Fighting
  4507 | D:7      | Geppetto: oh yeah I'm also watching some uni lessons online so I won't be watching you too much
  4511 | D:6      | Geppetto: fell free to do stupid stuff
  4511 | D:6      | MenacingMecha: np
  4514 | D:6      | MenacingMecha: i will
  4702 | D:7      | Reached skill level 5 in Fighting
  4772 | D:7      | Found a hazy altar of Hepliaklqana.
  4772 | D:7      | Found a shimmering altar of Xom.
  4774 | D:7      | Found a sparkling altar of Nemelex Xobeh.
  4959 | D:7      | Reached XP level 9. HP: 72/89 MP: 8/8
  5006 | D:7      | Reached skill level 6 in Fighting
  5243 | D:7      | Found a glowing golden altar of the Shining One.
  5747 | D:8      | Reached skill level 7 in Fighting
  5807 | D:8      | Geppetto: now you are identifing everything uh?
  5807 | D:8      | MenacingMecha: you mean pots/scrolls?
  5871 | D:8      | Geppetto: I usually put-id rings
  5874 | D:8      | MenacingMecha: yeah bar randarts there's no ring that can really fuck you over if you have remove curse
  5874 | D:8      | MenacingMecha: amulets I always scroll ID unless I've already ID'd faith/that one that drains
  5904 | D:8      | Geppetto: oh wait I saw wrong, you didn't use ID scroll on that ring
  5904 | D:8      | MenacingMecha: no
  5904 | D:8      | MenacingMecha: have some remove curse scrolls on me
  5914 | D:8      | Geppetto: spectating 2hard
  6091 | D:8      | Geppetto: oh nice free potion of mutation
  6126 | D:8      | Geppetto: ah it didn't drop corpse
  6126 | D:8      | MenacingMecha: I do have some mut pots
  6126 | D:8      | Geppetto: drink them up, be a man
  6126 | D:8      | MenacingMecha: don't normally bother with them but I do have 3 cure mut pots on me
  6132 | D:8      | Reached ***** piety under Okawaru
  6133 | D:8      | MenacingMecha: i'm blaming you if this goes bad
  6133 | D:8      | Geppetto: DO ET
  6133 | D:8      | Gained mutation: You are agile. (Dex +2) [potion of mutation]
  6133 | D:8      | Gained mutation: Your magical capacity is low. (-10% MP) [potion of mutation]
  6133 | D:8      | Gained mutation: You have supernaturally acute eyesight. (SInv) [potion of mutation]
  6134 | D:8      | Geppetto: See
  6134 | D:8      | MenacingMecha: good
  6134 | D:8      | Geppetto: always wroks
  6134 | D:8      | Gained mutation: You have sharp toenails. [potion of mutation]
  6135 | D:8      | MenacingMecha: woah
  6135 | D:8      | Geppetto: ALWAYS
  6135 | D:8      | Geppetto: WORKS
  6135 | D:8      | MenacingMecha: next one I drink will give me frail -30%
  6135 | D:8      | MenacingMecha: calling it
  6352 | D:9      | Reached skill level 8 in Fighting
  6422 | D:9      | Noticed a troll
  6424 | D:9      | Geppetto: mirror match
  6424 | D:9      | MenacingMecha: i should come back to him later
  6424 | D:9      | MenacingMecha: troll leather on trolls is broken
  6424 | D:9      | Geppetto: just toss a stone and walk back
  6435 | D:9      | Killed a troll
  6436 | D:9      | MenacingMecha: oh ok
  6436 | D:9      | MenacingMecha: keep forgetting how good heroism + claws 3 is
  6487 | D:9      | MenacingMecha: I wish the resist screen showed what your regen was at
  6521 | D:9      | Reached skill level 9 in Fighting
  6522 | D:9      | MenacingMecha: don't imagine that'd be too hard to impliment
  6539 | D:9      | Geppetto: you sure you didn't walk past ruks without noticing?
  6547 | D:9      | Geppetto: I do it all the time
  6547 | D:9      | MenacingMecha: note
  6547 | D:9      | Geppetto: dang
  6547 | D:9      | MenacingMecha: *nope
  6611 | D:9      | MenacingMecha: when do I start training throwing/defences?
  6745 | D:9      | Geppetto: I would train dodgin to 10
  6746 | D:9      | MenacingMecha: after getting fighting to 10?
  6748 | D:9      | Geppetto: I would put * on dodging and + on throwing
  6749 | D:9      | Reached XP level 10. HP: 101/107 MP: 8/8
  6750 | D:9      | Geppetto: when you reach 10 or something in fighting
  6750 | D:9      | MenacingMecha: with + on unarmed?
  6956 | D:9      | Noticed Erica
  6958 | D:9      | Geppetto: well if you put too many skills on they don't grow so fast
  6958 | D:9      | Geppetto: you have 0 in throwing rite?
  6961 | D:9      | Killed Erica
  6962 | D:9      | MenacingMecha: yes
  6964 | D:9      | Geppetto: you are gonna miss rukshots
  6964 | D:9      | MenacingMecha: I'll start training when i'm 10 in fighting
  6964 | D:9      | MenacingMecha: troll claws don't behead hydras right
  7014 | D:9      | Found a staircase to the Orcish Mines.
  7015 | D:9      | Geppetto: They do
  7104 | D:9      | Geppetto: oh yes they do
  7104 | D:9      | MenacingMecha: oh
  7104 | D:9      | Geppetto: train throwing
  7104 | D:9      | MenacingMecha: yes
  7113 | D:10     | Entered Level 10 of the Dungeon
  7170 | D:10     | Reached skill level 10 in Fighting
  7171 | D:10     | Geppetto: throwing gives huge boosts even at low levels, or so I was said by better players than me
  7171 | D:10     | MenacingMecha: right
  7172 | D:10     | Geppetto: I can confirm that 22+heroism ruks 2 shots orb of fire tho
  7205 | D:9      | MenacingMecha: nice
  7208 | D:9      | Reached skill level 1 in Throwing
  7234 | D:10     | Geppetto: nuuu mutagenic meat
  7234 | D:10     | Geppetto: FREE mutations
  7234 | D:10     | MenacingMecha: i'll risk it
  7234 | D:10     | MenacingMecha: 4 u
  7458 | D:9      | Geppetto: remember it
  7458 | D:9      | MenacingMecha: fuk
  7478 | D:10     | Reached skill level 4 in Dodging
  7588 | D:10     | Geppetto: by the way, you are picking up Dex or Str at the level ups?
  7595 | D:10     | MenacingMecha: dex
  7595 | D:10     | Geppetto: nice
  7615 | D:10     | Reached skill level 2 in Throwing
  7989 | D:10     | Noticed an unseen horror
  8002 | D:10     | Killed an unseen horror
  8002 | D:10     | Received a gift from Okawaru
  8002 | D:10     | Reached skill level 5 in Dodging
  8005 | D:10     | Geppetto: mutations paying off right now
  8007 | D:10     | MenacingMecha: yes
  8007 | D:10     | MenacingMecha: sInv isn't normaly a resist I prioritise either, so it's good getting it for free
  8012 | D:10     | Reached skill level 3 in Throwing
  8421 | D:11     | Geppetto: I can't remember, do you need to train armour to not have EV penalities on the troll armour?
  8421 | D:11     | MenacingMecha: do you with leather? same penalty
  8474 | D:11     | Learned a level 1 spell: Summon Butterflies
  8607 | D:11     | Geppetto: trmo is so turbo diesel, I wonder whypeople play mibe instead of this guy
  8608 | D:11     | MenacingMecha: shit defences, harder to skill than mi
  8765 | D:11     | Reached ****** piety under Okawaru
  8765 | D:11     | Reached skill level 6 in Dodging
  8798 | D:11     | Found a staircase to the Lair.
  8815 | D:11     | Noticed a deep elf mage
  8830 | D:11     | Reached XP level 11. HP: 117/117 MP: 8/8
  8841 | D:11     | Received a gift from Okawaru
  8860 | D:11     | Killed a deep elf mage
  8860 | D:11     | Reached skill level 4 in Throwing
  8860 | D:11     | Reached skill level 1 in Invocations
  8897 | D:11     | Reached skill level 2 in Invocations
  8908 | D:11     | Noticed a hill giant
  9077 | D:11     | Killed a hill giant
  9077 | D:11     | Reached skill level 3 in Invocations
  9098 | D:11     | Geppetto: usually oka gives ruks to trolls as ammo
  9101 | D:11     | MenacingMecha: I think it has to do with skill levels as well
  9160 | D:11     | Geppetto: well I did have more throwing than unarmed
  9176 | D:11     | Reached skill level 4 in Invocations
  9348 | D:11     | You fall through a shaft!
  9349 | D:12     | Geppetto: keep that
  9349 | D:12     | MenacingMecha: keep what?
  9351 | D:12     | Geppetto: you are now troll assassin
  9355 | D:12     | Geppetto: stealth ring
  9355 | D:12     | MenacingMecha: if only non-cat claws had stab bonuses
  9371 | D:12     | Geppetto: they don't?
  9382 | D:12     | Noticed Josephine
  9382 | D:12     | MenacingMecha: I don't think so
  9382 | D:12     | MenacingMecha: I htink it's just cats beacuse they wouldn't be able to get it any other way
  9499 | D:12     | Found a frozen archway.
  9505 | D:12     | Noticed a sun demon
  9508 | D:12     | HP: 28/117 [sun demon[a kobold demonologist] (12)]
  9509 | D:12     | HP: 12/175 [sun demon[a kobold demonologist] (10)]
  9510 | D:12     | Slain by a sun demon

Vault maps used:
D:1:      lightli_arrival_isolated_outpost, monster_avoids_cloud
D:2:      elyvilon_altar_4
D:3:      grunt_temple_overflow_cloverleaf, lemuel_coloured_pillars_altar,
          nicolae_ru_path_of_blood
D:4:      kennysheep_slug_shrine, first_bread, guppyfry_shop_venom
D:5:      kennysheep_windowed_halls, minmay_temple_entry_crystal_x,
          uniq_duvessa, uniq_pikel, uniq_sigmund
D:6:      centaur_isle
D:7:      minitemple, nicolae_water_bricks, grunt_ogre_cave, tso_altar
D:9:      orc_0_dummy, lemuel_another_geyser, uniq_erica
D:11:     lair_0_dummy, grunt_potential
D:12:     portal_ice_cave_entry_ice_beasts, uniq_josephine

Skill      XL: |  1  2  3  4  5  6  7  8  9 10 11 |
---------------+----------------------------------+-----
Fighting       | 3 5 9 10 | 10.0
Dodging        | 3 6 |  6.2
Stealth        | 2 |  2.0
Unarmed Combat | 6 7 10 | 10.1
Throwing       | 3 4 |  4.2
Invocations    | 4 |  4.8

Action                   |  1- 3 |  4- 6 |  7- 9 | 10-12 || total
-------------------------+-------+-------+-------+-------++-------
Melee: Unarmed           |    83 |    94 |   225 |   239 ||   641
       Punch             |       |     4 |    13 |    13 ||    30
       Kick              |       |       |    17 |    98 ||   115
Throw: Stone             |       |       |    78 |    52 ||   130
Invok: Heroism           |       |     1 |     2 |     3 ||     6
       Finesse           |       |       |       |     1 ||     1
  Use: Scroll            |       |     2 |    11 |     8 ||    21
       Potion            |       |       |     2 |     1 ||     3
 Stab: Sleeping          |     3 |     5 |     5 |     2 ||    15
  Eat: Chunk             |    13 |    17 |    36 |    28 ||    94
Armor: Robe              |    37 |    15 |    58 |       ||   110
       Troll hide        |       |       |     2 |    30 ||    32
       Troll leather arm |       |       |       |    33 ||    33
Dodge: Dodged            |    50 |    49 |   101 |   130 ||   330
Block: Other             |       |       |       |     8 ||     8
       Reflection        |       |       |       |     1 ||     1

Vault maps used:
D:1:      lightli_arrival_isolated_outpost, monster_avoids_cloud
D:2:      elyvilon_altar_4
D:3:      grunt_temple_overflow_cloverleaf, lemuel_coloured_pillars_altar,
          nicolae_ru_path_of_blood
D:4:      kennysheep_slug_shrine, first_bread, guppyfry_shop_venom
D:5:      kennysheep_windowed_halls, minmay_temple_entry_crystal_x,
          uniq_duvessa, uniq_pikel, uniq_sigmund
D:6:      centaur_isle
D:7:      minitemple, nicolae_water_bricks, grunt_ogre_cave, tso_altar
D:9:      orc_0_dummy, lemuel_another_geyser, uniq_erica
D:11:     lair_0_dummy, grunt_potential
D:12:     portal_ice_cave_entry_ice_beasts, uniq_josephine

Table legend:
 A = Turns spent in this place as a percentage of turns spent in the entire game.
 B = Non-inter-level travel turns spent in this place as a percentage of non-inter-level travel turns spent in the entire game.
 C = Inter-level travel turns spent in this place as a percentage of turns spent in this place.
 D = Turns resting spent in this place as a percentage of non-inter-level travel turns spent in this place.
 E = Turns spent auto-exploring this place as a percentage of non-inter-level travel turns spent in this place.
 F = Non-inter-level travel turns spent in this place divided by the number of levels of this place that you've seen.
                   A       B       C       D       E      F
               +-------+-------+-------+-------+-------+----------------------
         Total | 100.0 | 100.0 |   0.7 |   2.5 |   3.8 | 334.1
       Dungeon | 100.0 | 100.0 |   0.7 |   2.5 |   3.8 | 334.1
               +-------+-------+-------+-------+-------+----------------------

Table legend:
 A = Kills in this place as a percentage of kills in entire the game.
 B = Kills by you in this place as a percentage of kills by you in the entire game.
 C = Kills by friends in this place as a percentage of kills by friends in the entire game.
 D = Other kills in this place as a percentage of other kills in the entire game.
 E = Experience gained in this place as a percentage of experience gained in the entire game.
 F = Experience gained in this place divided by the number of levels of this place that you have seen.
                   A       B       C       D       E      F
               +-------+-------+-------+-------+-------+----------------------
         Total | 100.0 | 100.0 |  -nan | 100.0 | 100.0 | 1228.9
       Dungeon | 100.0 | 100.0 |  -nan | 100.0 | 100.0 | 1228.9
               +-------+-------+-------+-------+-------+----------------------
